 Dungeon Crawl Stone Soup version 0.29.1-15-g9cfb28693d (webtiles) character file.

Game seed: 6172330648999649228

171 javelincjr the Magician (level 5, -9/35 HPs)
             Began as a Demonspawn Hedge Wizard on Apr 5, 2023.
             Was a Plaything of Xom.
             Mangled by Menkaure (23 damage)
             ... on level 4 of the Dungeon.
             The game lasted 00:11:57 (3812 turns).

javelincjr the Magician (Demonspawn Hedge Wizard)   Turns: 3812, Time: 00:11:58

Health: -9/35      AC:  3    Str: 12    XL:     5   Next: 26%
Magic:  3/11       EV: 11    Int: 16    God:    Xom [.....*]
Gold:   123        SH:  2    Dex:  8    Spells: 6/11 levels left

rFire   . . .      SeeInvis .   e - +3 hand axe
rCold   . . .      Faith    .   q - +0 buckler
rNeg    . . .      Spirit   .   b - +0 robe
rPois   +          Reflect  .   c - +0 hat
rElec   +          Harm     .   (no cloak)
rCorr   .          Rampage  .   (no gloves)
Will    .....                   l - +0 pair of boots
Stlth   +.........              (no amulet)
HPRegen 0.11/turn               n - ring of wizardry
MPRegen 0.24/turn               o - ring of flight

@: flying, very slightly contaminated
A: horns 1, magic regeneration, weakness stinger 2, clumsy 2, frail 1, high MP
1, poison resistance, electricity resistance, wild magic 1
a: Renounce Religion


You were on level 4 of the Dungeon.
You worshipped Xom.
You were Xom's teddy bear.
You visited 1 branch of the dungeon, and saw 4 of its levels.

You collected 123 gold pieces.

Inventory:

Hand Weapons
 a - a +0 dagger
 e - a +3 hand axe (weapon)
Missiles
 p - a throwing net
Armour
 b - a +0 robe (worn)
 c - a +0 hat (worn)
 l - a +0 pair of boots (worn)
 q - a +0 buckler (worn)
Magical Staves
 r - a staff of air
Jewellery
 n - a ring of wizardry (left hand)
 o - a ring of flight (right hand)
Scrolls
 f - 5 scrolls of identify {unknown}
 g - 5 scrolls of teleportation {unknown}
 i - a scroll of torment {unknown}
 j - 2 scrolls of butterflies {unknown}
 k - 2 scrolls of fear {unknown}
 m - a scroll of silence {unknown}
 t - a scroll of acquirement {unknown}
Potions
 d - 2 potions of magic
 h - 2 potions of lignification {unknown}


   Skills:
 * Level 2.3 Fighting
 + Level 1.3 Armour
 + Level 2.1 Dodging
 - Level 1.7 Stealth
 * Level 3.6 Spellcasting
 + Level 1.7 Conjurations
 + Level 2.0 Summonings
 + Level 1.5 Translocations


You had 6 spell levels left.
You knew the following spells:

 Your Spells              Type           Power      Damage    Failure   Level
a - Magic Dart            Conj           40%        1d5       7%          1
b - Call Imp              Summ           12%        N/A       9%          2
c - Blink                 Tloc           20%        N/A       11%         2

Your spell library contained the following spells:

 Spells                   Type           Power      Damage    Failure   Level
 Slow                     Hex            12%        N/A       13%         1
 Ensorcelled Hibernation  Hex/Ice        6%         N/A       19%         2
 Conjure Flame            Conj/Fire      7%         6-21      26%         3
 Mephitic Cloud           Conj/Pois/Air  6%         N/A       28%         3
 Spider Form              Tmut/Pois      3%         N/A       32%         3
 Anguish                  Hex/Necr       1%         N/A       71%         4


Dungeon Overview and Level Annotations

Branches:
Dungeon (4/15)
 Temple: D:4-7

Altars:
Xom
Yredelemnul

Annotations:
D:4 Menkaure


Innate Abilities, Weirdness & Mutations

You have a pair of small horns on your head.
You regenerate magic rapidly.
You have a tail ending in a sharp stinger.
You are very clumsy. (Dex -4)
You are frail. (-10% HP)
You have an increased reservoir of magic. (+10% MP)
Your system is resistant to poisons. (rPois)
You are resistant to electric shocks. (rElec)
Your spells are a little harder to cast, but a little more powerful.


Message History

The hobgoblin is heavily wounded.
The magic dart hits the hobgoblin but does no damage.
The hobgoblin is heavily wounded.
The magic dart hits the hobgoblin.
The hobgoblin is almost dead.
It was a potion of mutation.
You feel extremely strange.
Your urge to shout disappears.
You feel robust.
Your hooves expand and flesh out into feet!
You feel frail.
You feel less in control of your magic.
You feel resistant to poisons.
You feel more energetic.
An endoplasm comes into view.
The endoplasm quivers.
You hit the hobgoblin.
You kill the hobgoblin!
The magic dart hits the endoplasm.
The endoplasm is almost dead.
Menkaure, Prince of Dust comes into view.
Okay, then.
The magic dart hits the endoplasm.
You kill the endoplasm!
Casting: Magic Dart (safe; 7% risk of failure)
Confirm with . or Enter, or press ? or * to list all spells.
A metallic apparition takes form in the air.
The magic dart hits Menkaure but does no damage.
Menkaure mumbles some strange words.
Menkaure seems to speed up.
You miscast Magic Dart.
You are very lightly contaminated with residual magic.
Nothing appears to happen.
Your iron imp hits Menkaure.
Menkaure hits you!!
Ouch! That really hurt!
You are too injured to fight recklessly!
You are too injured to fight recklessly!
You are too injured to fight recklessly!
You hit Menkaure. Your headbutt misses Menkaure. You tail-slap Menkaure.
Menkaure is heavily damaged.
Menkaure hits you!!
Ouch! That really hurt!
You die...
Xom roars with laughter!

###..#...
###........
#.#........
##.#....#...
###.......#..
##.#..>........
#..........#...
#.....5M...# #.
#...#.@....#
#.........#...
#####.........
..#.......
...........
#..#.##.....
#.. .. ##...
##. .. #.. ..
.##


You could see Menkaure (fast, ally target) and a friendly iron imp (summoned).

Vanquished Creatures
  Robin (D:2)
  3 adders
  2 gnolls (D:3)
  6 dart slugs
  4 orcs (D:3)
  2 bats
  9 endoplasms
  9 giant cockroaches
  8 goblins
  10 hobgoblins
  4 jackals
  3 kobolds
  2 quokkas
  6 ball pythons
  7 frilled lizards
  6 rats
82 creatures vanquished.

Vanquished Creatures (collateral kills)
  A gnoll (D:3)
1 creature vanquished.

Grand Total: 83 creatures vanquished

Notes
Turn   | Place    | Note
-------+----------+-------------------------------------------
     0 | D:1      | javelincjr the Demonspawn Hedge Wizard began the quest for
                  | the Orb.
     0 | D:1      | Reached XP level 1. HP: 13/13 MP: 4/4
   229 | D:1      | Reached skill level 1 in Translocations
   301 | D:1      | Found a faded altar of an unknown god.
   305 | D:1      | Gained mutation: You regenerate magic rapidly. [demonic
                  | ancestry]
   305 | D:1      | Reached XP level 2. HP: 18/20 MP: 0/6
   312 | D:1      | Prayed at the altar of an unknown god.
   312 | D:1      | Became a worshipper of Xom of Many Doors
   558 | D:1      | Reached skill level 1 in Fighting
   631 | D:1      | XOM: divination: detect creatures
   747 | D:1      | XOM: divination: detect items
  1075 | D:2      | Discovered your monstrous ancestry.
  1075 | D:2      | Gained mutation: You have a small tail. [demonic ancestry]
  1075 | D:2      | Reached XP level 3. HP: 26/26 MP: 4/7
  1231 | D:2      | Noticed Robin
  1239 | D:2      | Killed Robin
  1319 | D:2      | XOM: divination: detect items
  1378 | D:2      | Learned a level 2 spell: Call Imp
  1411 | D:2      | Learned a level 2 spell: Blink
  1486 | D:2      | XOM: silly message
  1500 | D:2      | XOM: silly message
  1512 | D:2      | XOM: stat loss: -1 Str (11/12)
  1861 | D:2      | Gained mutation: You have a tail ending in a sharp stinger.
                  | [demonic ancestry]
  1861 | D:2      | Reached XP level 4. HP: 32/32 MP: 2/9
  1997 | D:2      | XOM: give mutations
  1997 | D:2      | Gained mutation: You are frail. (-10% HP) [Xom's mischief]
  1997 | D:2      | Gained mutation: You are clumsy. (Dex -2) [Xom's mischief]
  1997 | D:2      | Gained mutation: You occasionally shout uncontrollably at
                  | your foes. [Xom's mischief]
  1997 | D:2      | Gained mutation: You are very clumsy. (Dex -4) [Xom's
                  | mischief]
  2068 | D:2      | XOM: stat loss: -1 Dex (7/8)
  2095 | D:2      | XOM: summons 1 hostile shadow creature
  2261 | D:3      | Found a basalt altar of Yredelemnul.
  2272 | D:3      | XOM: silly message
  2468 | D:3      | XOM: scenery: summon butterflies
  2586 | D:3      | Reached skill level 1 in Armour
  2817 | D:3      | XOM: god gift: buckler {god gift}
  2977 | D:3      | Gained mutation: You have a pair of small horns on your
                  | head. [demonic ancestry]
  2977 | D:3      | Reached XP level 5. HP: 20/34 MP: 4/10
  3100 | D:3      | XOM: 3-stop teleportation journey
  3358 | D:3      | XOM: divination: detect creatures
  3494 | D:3      | XOM: scenery: summon butterflies
  3636 | D:3      | XOM: give mutations
  3636 | D:3      | Gained mutation: You are resistant to electric shocks.
                  | (rElec) [Xom's grace]
  3636 | D:3      | Gained mutation: You have large cloven feet. [Xom's grace]
  3714 | D:3      | XOM: divination: detect creatures
  3802 | D:4      | Lost mutation: You occasionally shout uncontrollably at
                  | your foes. [potion of mutation]
  3802 | D:4      | Lost mutation: You are frail. (-10% HP) [potion of
                  | mutation]
  3802 | D:4      | Lost mutation: You have large cloven feet. [potion of
                  | mutation]
  3802 | D:4      | Gained mutation: You are frail. (-10% HP) [potion of
                  | mutation]
  3802 | D:4      | Gained mutation: Your spells are a little harder to cast,
                  | but a little more powerful. [potion of mutation]
  3802 | D:4      | Gained mutation: Your system is resistant to poisons.
                  | (rPois) [potion of mutation]
  3802 | D:4      | Gained mutation: You have an increased reservoir of magic.
                  | (+10% MP) [potion of mutation]
  3804 | D:4      | Noticed Menkaure
  3812 | D:4      | Mangled by Menkaure

Illustrated notes

Levels and vault maps discovered:
D:1:      giann_horns, layout_basic, shapermc_ecumenical_altar_mp_highgroup
D:2:      layout_loops_cross, minivault_27, st_stairs_1, uniq_robin
D:3:      minmay_octagon_keep, layout_loops_ring, old_standard_altar,
          wad_floor_pattern_1, reono_crystal_passage
D:4:      layout_cave_pools, elyvilon_altar_5, minitemple, uniq_menkaure

Skill      XL: |  1  2  3  4  5 |
---------------+----------------+-----
Translocations | 1 |  1.5
Fighting       | 1 2 |  2.3
Dodging        | 2 |  2.1
Armour         | 1 |  1.3
Summonings     | 2 |  2.0
Stealth        | |  1.7
Spellcasting   | |  3.6
Conjurations   | |  1.7

Action                   |  1- 3 |  4- 6 || total
-------------------------+-------+-------++-------
Melee: Hand axe          |    51 |    61 ||   112
       Tailslap          |     2 |     8 ||    10
       Headbutt          |       |     4 ||     4
 Cast: Magic Dart        |    65 |    54 ||   119
       Call Imp          |     1 |     4 ||     5
  Use: Potion            |     1 |     1 ||     2
 Stab: Sleeping          |     2 |       ||     2
Armor: Robe              |    15 |    10 ||    25
Dodge: Dodged            |    39 |    51 ||    90
Block: Buckler           |       |     2 ||     2
